Map: Royal Blood LE

Players

A.I. 1 (Very Easy)

  • Race: Zerg Zerg
  • Spawn Location: 7:00

RustyShacky - Winner!

  • Race: Terran Terran
  • League: Diamond
  • Spawn Location: 1:00

VOD

Have the link to the VOD?

Description

Time

  • Played on: Aug. 2, 2023, 1:37 a.m.
  • Length: 6:14
Show
View Real Time Build Order
Export as new Build Order

A.I. 1 (Very Easy) Zerg 

Build Orders: Hatch First 

Get SALT Encoding   

  12  0:01  Drone  
  13  0:12  Overlord  
  13  0:16  Drone  
  14  0:41  Hatchery  
  13  0:45  Drone  
  14  1:02  Spawning Pool  
  13  1:05  Drone  
  13  1:07  Extractor  
  13  1:12  Drone  
  14  1:19  Overlord  
  14  1:49  Zergling x2, Queen  
  14  1:52  Zergling x2  
  18  1:55  Roach Warren  
  18  2:00  Drone  
  18  2:05  Extractor  
  17  2:09  Drone  
  17  2:13  Zergling x2  
  19  2:18  Drone  
  20  2:25  Drone  
  21  2:33  Drone  
  22  2:40  Drone  
  23  2:47  Drone  
  24  2:53  Lair  
  24  2:55  Drone  
  25  3:23  Drone  
  26  3:30  Drone  
  27  3:37  Zergling x2, Drone  
  28  3:42  Overlord  
  28  3:46  Drone  
  29  3:52  Spire  
  29  3:53  Drone  
  29  4:00  Drone  
  30  4:05  Overseer  
  30  4:07  Drone  
  31  4:11  Overseer  
  31  4:14  Drone  
  32  4:21  Drone  
  32  4:23  Zergling x2  
  33  4:28  Drone  
  33  4:30  Overlord  
  32  4:36  Drone  
  30  4:46  Queen  
  30  4:49  Drone  
  30  4:51  Roach  
  30  4:56  Drone  
  25  5:03  Drone  
  25  5:06  Overlord  
  23  5:24  Roach  
  23  5:35  Overlord  
Show
View Real Time Build Order
Export as new Build Order

RustyShacky Terran - Winner!

Build Orders: 2 Factory, Hellion Opening 

Get SALT Encoding   

  12  0:00  SCV  
  13  0:12  SCV  
  14  0:17  Supply Depot  
  14  0:24  SCV  
  15  0:38  SCV  
  15  0:39  Barracks  
  16  0:44  Refinery  
  16  0:50  SCV  
  16  0:53  Refinery  
  17  1:02  SCV  
  18  1:15  SCV  
  19  1:26  Marine  
  19  1:27  Orbital Command  
  20  1:34  Factory  
  20  1:44  Marine  
  21  1:48  Supply Depot  
  21  1:55  SCV  
  22  2:08  Factory  
  22  2:10  SCV  
  23  2:22  Armory  
  23  2:24  SCV  
  23  2:27  Factory Reactor  
  24  2:35  Supply Depot  
  24  2:42  SCV  
  25  2:54  SCV, Factory Tech Lab  
  25  2:57  Supply Depot  
  26  3:04  Hellion x2  
  30  3:06  SCV  
  31  3:21  Thor  
  37  3:27  Terran Vehicle Weapons Level 1  
  37  3:35  Hellion  
  37  3:36  Hellion  
  41  3:44  Supply Depot  
  41  3:57  Hellion x2  
  41  3:58  SCV  
  46  4:10  SCV  
  46  4:13  Thor  
  53  4:22  Supply Depot  
  53  4:40  Hellion  
  53  4:44  Hellion  
  57  4:45  Supply Depot  
  57  4:56  Thor  
  63  5:07  Hellion  
  63  5:08  Hellion  
  63  5:10  Hellion  
  63  5:11  Hellion  
  67  5:29  Hellion  
  67  5:34  Hellion  
  71  5:54  Supply Depot  
Tags
 
Add a new tag
Caveats
  • Supply blocks, unpowered buildings, or Contaminate may cause inaccurate times.
  • Supply counts are checked every 10 seconds.